 Dungeon Crawl Stone Soup version 0.20.1-1-g8b1a95d (webtiles) character file.

459 Ladykiller69 the Magician (level 6, -2/32 HPs)
             Began as a Deep Elf Venom Mage on July 9, 2017.
             Slain by a bullfrog skeleton (5 damage)
             ... on level 5 of the Dungeon.
             The game lasted 00:15:59 (4828 turns).

Ladykiller69 the Magician (Deep Elf Venom Mage)     Turns: 4828, Time: 00:16:00

Health: -2/32      AC:  3    Str:  5    XL:     6   Next: 78%
Magic:  13/16      EV: 13    Int: 26    God:
Gold:   175        SH:  0    Dex: 15    Spells: 2/15 levels left

rFire    + . .     SeeInvis .   i - +0 spear
rCold    x . .     Gourm    .   (no shield)
rNeg     . . .     Faith    .   a - +0 robe
rPois    .         Spirit   .   (no helmet)
rElec    .         Reflect  .   (no cloak)
rCorr    .         Harm     .   d - +0 pair of gloves
MR       .....                  (no boots)
Stlth    ++........             (no amulet)
Regen    0.1/turn               r - ring of fire
MPRegen  0.2/turn               p - +4 ring of intelligence

@: no status effects
A: no striking features
a: no special abilities


You were on level 5 of the Dungeon.
You were hungry.

You visited 1 branch of the dungeon, and saw 5 of its levels.

You collected 175 gold pieces.

Inventory:

Hand Weapons
 i - a +0 spear (weapon)
Armour
 a - a +0 robe (worn)
 d - a +0 pair of gloves (worn)
Jewellery
 l - an uncursed ring of flight
 p - a +4 ring of intelligence (right hand)
 r - a ring of fire (left hand)
Scrolls
 e - 2 scrolls of remove curse
 f - a scroll of magic mapping
 h - a scroll of enchant armour {unknown}
 m - a scroll of fear {unknown}
 o - a scroll of teleportation {unknown}
 q - a scroll of fog {unknown}
 v - a scroll of enchant weapon {unknown}
 w - a scroll of noise {unknown}
Potions
 g - a potion of invisibility {unknown}
 j - 3 potions of brilliance
 n - 3 potions of agility
 s - a potion of haste
 t - a potion of magic {unknown}
 u - a potion of heal wounds {unknown}
Books
 b - a Young Poisoner's Handbook

   Spells                             Type                      Level
   a - Sting                          Conjuration/Poison           1
   b - Poisonous Vapours              Poison/Air                   2
   c - Mephitic Cloud                 Conjuration/Poison/Air       3
   d - Olgreb's Toxic Radiance        Poison                       4
   e - Venom Bolt                     Conjuration/Poison           5
Comestibles
 c - 3 bread rations


   Skills:
 - Level 3.0 Dodging
 - Level 3.0 Stealth
 + Level 5.4 Spellcasting
 + Level 4.1 Conjurations
 - Level 2.0 Air Magic
 * Level 5.2 Poison Magic


You had 2 spell levels left.
You knew the following spells:

 Your Spells              Type           Power        Failure   Level  Hunger
a - Sting                 Conj/Pois      ####         1%          1    None
b - Mephitic Cloud        Conj/Pois/Air  ####....     4%          3    #......
c - Venom Bolt            Conj/Pois      ####......   28%         5    #####..
d - Olgreb's Toxic Radia  Pois           ####....     9%          4    ###....


Dungeon Overview and Level Annotations

Branches:
Dungeon (5/15)
 Temple: D:4-7

Altars:
Ashenzari
Nemelex Xobeh
Qazlal
Ru
Xom


Message History

The bullfrog skeleton barely misses you.
* * * LOW HITPOINT WARNING * * *
You feel sick. The worker ant bites you.
* * * LOW HITPOINT WARNING * * *
The bullfrog skeleton barely misses you.
You feel better.
The bullfrog skeleton barely misses you.
The worker ant bites you.
* * * LOW HITPOINT WARNING * * *
You kill the worker ant!
The bullfrog skeleton hits you.
* * * LOW HITPOINT WARNING * * *
The bullfrog skeleton closely misses you.
The bullfrog skeleton misses you.
The bullfrog skeleton hits you but does no damage.
The bullfrog skeleton closely misses you.
The bullfrog skeleton hits you.
* * * LOW HITPOINT WARNING * * *
The bullfrog skeleton hits you.
You die...

>.#.....## ###........#
##..........####
#............#..
............#...
...............#
.............# ###
........<...## #.####
.......@..### ##....###
.......Z..# ##.......##
.........## ##.........#
........#.###.........##
.......###..#.........#.
....... ##...........#.
.....## ##...........#
##### #............#
##...........#


You could see a bullfrog skeleton.

Vanquished Creatures
  A sky beast (D:5)
  A hound (D:5)
  A bullfrog skeleton (D:4)
  Jessica (D:3)
  Terence (D:2)
  Natasha (twice) (D:2)
  3 worker ants
  4 adders
  A gnoll (D:1)
  A shadow imp (D:4)
  2 worms (D:2)
  A leopard gecko (D:1)
  An orc (D:3)
  11 giant cockroaches
  14 goblins
  7 hobgoblins
  4 jackals (D:2)
  4 kobolds
  13 bats
  5 frilled lizards
  A leopard gecko skeleton (D:4)
  7 rats
86 creatures vanquished.

Notes
Turn   | Place    | Note
-------+----------+-------------------------------------------
     0 | D:1      | Ladykiller69 the Deep Elf Venom Mage began the quest for the Orb.
     0 | D:1      | Reached XP level 1. HP: 10/10 MP: 6/6
   164 | D:1      | Reached XP level 2. HP: 15/15 MP: 0/8
  1096 | D:1      | Reached XP level 3. HP: 19/19 MP: 7/10
  1169 | D:1      | Learned a level 3 spell: Mephitic Cloud
  1329 | D:2      | Noticed Natasha
  1335 | D:2      | Killed Natasha
  1391 | D:2      | Reached XP level 4. HP: 17/24 MP: 5/11
  1632 | D:2      | Reached skill level 1 in Air Magic
  1647 | D:2      | Found a stormy altar of Qazlal.
  1793 | D:2      | Noticed Natasha
  1802 | D:2      | Noticed Terence
  1808 | D:2      | Killed Natasha
  1826 | D:2      | Killed Terence
  1826 | D:2      | Reached XP level 5. HP: 28/28 MP: 7/13
  2109 | D:2      | Found a sparkling altar of Nemelex Xobeh.
  2110 | D:2      | Found a shattered altar of Ashenzari.
  2603 | D:3      | Noticed Jessica
  2608 | D:3      | Killed Jessica
  2809 | D:3      | Found a sacrificial altar of Ru.
  3258 | D:4      | Found a shimmering altar of Xom.
  3794 | D:4      | Learned a level 5 spell: Venom Bolt
  3861 | D:4      | Reached XP level 6. HP: 14/32 MP: 15/15
  4219 | D:4      | Noticed a water moccasin
  4225 | D:4      | HP: 1/32 [water moccasin (7)]
  4382 | D:5      | Entered Level 5 of the Dungeon
  4460 | D:5      | Noticed a sky beast
  4491 | D:5      | Killed a sky beast
  4491 | D:5      | Reached skill level 5 in Spellcasting
  4499 | D:5      | Learned a level 4 spell: Olgreb's Toxic Radiance
  4732 | D:5      | Reached skill level 5 in Poison Magic
  4828 | D:5      | Slain by a bullfrog skeleton

Skill      XL: |  1  2  3  4  5  6 |
---------------+-------------------+-----
Conjurations   | 2 3 4 |  4.1
Dodging        | 3 |  3.0
Stealth        | 3 |  3.0
Air Magic      | 1 2 |  2.0
Spellcasting   | 4 5 |  5.4
Poison Magic   | 4 5 |  5.2

Action                   |  1- 3 |  4- 6 || total
-------------------------+-------+-------++-------
Melee: Spear             |     4 |    75 ||    79
 Cast: Sting             |    84 |   108 ||   192
       Mephitic Cloud    |       |    10 ||    10
       Venom Bolt        |       |     2 ||     2
  Use: Scroll            |       |     7 ||     7
       Potion            |       |     3 ||     3
 Stab: Confused          |       |     9 ||     9
  Eat: Chunk             |     1 |     7 ||     8
       Bread ration      |       |     1 ||     1
Armor: Robe              |     6 |    10 ||    16
Dodge: Dodged            |    30 |    43 ||    73
